AoeStats
← wxm

Arabia

509541548Analyzed
1v1 RM · 5d ago on Sep 27, 2026· 82m 21s· 2 players
Game mode
Random Map
Map size
Tiny (2 player)
Population
200
Speed
Normal
Resources
Standard
Victory
Conquest
Starting age
Dark Age
Ending age
Imperial Age
RankedLock teamsTeams togetherTeam positionsShared explorationLock speedFull tech treeHidden civsTurbo modeCheats
Victory
Defeat
🇨🇳 Teutons · China
380
+12
🇦🇷 Chinese · Argentina
284
-12
Who Shot Ya?
12:48 Feudal Age
14:11 Wheelbarrow
13:54 Double-Bit Axe
13:53 Horse Collar
15:58 Loom
15:43 Man-at-Arms
16:53 Scale Mail Armor
16:56 Arson
25:25 Castle Age
26:05 Long Swordsman
27:06 Hand Cart
26:54 Heavy Plow
27:07 Bow Saw
27:53 Squires
27:48 Town Watch
29:43 Masonry
31:29 Murder Holes
34:01 Chain Mail Armor
36:25 Town Patrol
41:03 Imperial Age
40:06 Fortified Wall
41:06 Fervor
42:21 Architecture
42:39 Block Printing
41:57 Two-Handed Swordsman
43:45 Plate Mail Armor
47:52 Gold Mining
47:52 Stone Mining
48:36 Heavy Rocket Cart
48:40 Champion
49:52 Forging
52:58 Chemistry
54:23 Elite Chu Ko Nu
59:30 Two-Man Saw
64:33 Bombard Tower
78:19 Scale Barding Armor
wxm
11:38 Feudal Age
13:01 Wheelbarrow
13:10 Wheelbarrow
12:29 Double-Bit Axe
12:33 Horse Collar
18:52 Man-at-Arms
22:17 Forging
24:33 Castle Age
27:31 Iron Casting
26:58 Padded Archer Armor
27:05 Scale Barding Armor
32:23 Heavy Plow
33:21 Ironclad
34:06 Hand Cart
36:08 Chain Barding Armor
36:03 Leather Archer Armor
35:50 Scale Mail Armor
35:42 Fletching
36:29 Bow Saw
38:00 Masonry
38:21 Squires
38:07 Arson
45:49 Imperial Age
43:11 Town Watch
43:41 Gambesons
46:41 Ballistics
46:16 Guard Tower
47:17 Crenellations
47:45 Hoardings
47:16 Stone Mining
47:17 Gold Mining
48:48 Capped Ram
51:23 Sanctity
51:15 Cavalier
51:45 Elite Teutonic Knight
59:04 Onager
59:10 Paladin
60:48 Crop Rotation
60:35 Town Patrol
63:54 Stone Shaft Mining
68:32 Chemistry
67:18 Arrowslits
67:39 Siege Engineers
67:47 Redemption
67:38 Atonement
68:04 Illumination
67:55 Block Printing
67:52 Fervor
67:42 Devotion
68:03 Chain Mail Armor
71:47 Guilds
73:10 Bloodlines
75:17 Conscription
74:31 Sappers
76:39 Heated Shot
77:06 Fortified Wall
77:18 Bombard Tower
78:04 Blast Furnace
77:40 Plate Barding Armor
77:36 Plate Mail Armor
77:37 Ring Archer Armor
77:03 Bodkin Arrow
Connection lost

Rejoining the realm…

Still unreachable

The connection could not be restored.

Session expired

The server has moved on; the page needs a fresh start.